 Dungeon Crawl Stone Soup version 0.22.2-1-ge965b3aba3 (webtiles) character file.

63 theanonym the Vexing (level 3, -2/27 HPs)
             Began as a Mummy Enchanter on Aug 31, 2021.
             Was an Initiate of Okawaru.
             Slain by an iguana (6 damage)
             ... on level 5 of the Dungeon.
             The game lasted 00:03:33 (2762 turns).

theanonym the Vexing (Mummy Enchanter)              Turns: 2762, Time: 00:03:34

Health: -2/27      AC: 12    Str: 12    XL:     3   Next: 89%
Magic:  7/7        EV: 10    Int: 14    God:    Okawaru [......]
Gold:   163        SH:  0    Dex: 12    Spells: 6/7 levels left

rFire    x . .     SeeInvis .   h - -1 rapier (curse)
rCold    + . .     Gourm    .   (no shield)
rNeg     + + +     Faith    .   c - +0 ring mail
rPois    ∞         Spirit   .   j - +1 helmet
rElec    .         Reflect  .   (no cloak)
rCorr    .         Harm     .   i - +2 pair of gloves
MR       .....                  e - +1 pair of boots
Stlth    +.........             (no amulet)
HPRegen  0.09/turn              (no ring)
MPRegen  0.10/turn              (no ring)

@: no status effects
A: no food or potions, fire vulnerability, cold resistance 1, negative energy
resistance 3, torment resistance, unbreathing
a: Renounce Religion


Innate Abilities, Weirdness & Mutations

You do not eat or drink.
Your flesh is vulnerable to fire.
You are immune to poison.
Your flesh is cold resistant. (rC+)
You are immune to negative energy. (rN+++)
You are immune to unholy pain and torment.
You can survive without breathing.


   Skills:
 + Level 1.8 Fighting
 * Level 2.6 Short Blades
 - Level 1.5 Dodging
 - Level 2.4 Stealth
 - Level 2.6 Spellcasting
 - Level 2.6 Hexes


You had 6 spell levels left.
You knew the following spells:

 Your Spells              Type           Power        Failure   Level  Hunger
a - Corona                Hex            #......      17%         1    N/A

Your spell library contained the following spells:

 Spells                   Type           Power        Failure   Level  Hunger
 Ensorcelled Hibernation  Hex/Ice        #.....       41%         2    N/A
 Confuse                  Hex            #.......     45%         3    N/A
 Tukima's Dance           Hex            #.......     45%         3    N/A
 Dazzling Spray           Conj/Hex       #.....       65%         3    N/A

Skill      XL: |  1  2 |
---------------+-------+-----
Short Blades   | 1 2 |  2.6
Fighting       | 1 |  1.8
Dodging        | |  1.5
Stealth        | |  2.4
Spellcasting   | |  2.6
Hexes          | |  2.6

Action                   || total
-------------------------++-------
Melee: Dagger            ||   145
       Rapier            ||    19
       Short sword       ||     1
  Use: Scroll            ||     7
 Stab: Sleeping          ||     3
Armor: Ring mail         ||    54
       Robe              ||     4
Dodge: Dodged            ||    83

Inventory:

Hand Weapons
 a - a +2 dagger of venom
   (You took it off a goblin on level 1 of the Dungeon)
 b - a +2 short sword of protection
   (You found it on level 3 of the Dungeon)
 h - a cursed -1 rapier (weapon)
   (You found it on level 4 of the Dungeon)
Armour
 c - a +0 ring mail (worn)
   (You found it on level 1 of the Dungeon)
 e - a +1 pair of boots (worn)
   (You found it on level 4 of the Dungeon)
 i - a +2 pair of gloves (worn)
   (You found it on level 6 of the Dungeon)
 j - a +1 helmet (worn)
   (You found it on level 2 of the Dungeon)
Scrolls
 d - a scroll of enchant weapon
 f - a scroll of noise
 t - a scroll of teleportation {!r}
 B - 2 scrolls of blinking


You were on level 5 of the Dungeon.
You worshipped Okawaru.
Okawaru was noncommittal.
You were not hungry.

You visited 2 branches of the dungeon, and saw 7 of its levels.

You collected 163 gold pieces.

Dungeon Overview and Level Annotations

Branches:
Dungeon (6/15)             Temple (1/1) D:4

Altars:
Ashenzari
Cheibriados
Dithmenos
Elyvilon
Fedhas
Gozag
Hepliaklqana
Kikubaaqudgha
Makhleb
Okawaru
Qazlal
Ru
Sif Muna
Trog
Wu Jian
Xom
Yredelemnul
Zin
The Shining One

# .# ###. #..
#.#
#.######.######
.......>.@lhhh#
....#########.#
.


You could see an iguana and 3 jackals.

Notes
Turn   | Place    | Note
-------+----------+-------------------------------------------
     0 | D:1      | theanonym the Mummy Enchanter began the quest for the Orb.
     0 | D:1      | Reached XP level 1. HP: 13/13 MP: 4/4
   130 | D:1      | Reached skill level 1 in Short Blades
   572 | D:2      | Reached XP level 2. HP: 20/20 MP: 5/5
   752 | D:2      | Reached skill level 1 in Fighting
   850 | D:2      | HP: 8/21 [worm (9)]
  1041 | D:2      | Reached skill level 2 in Short Blades
  1052 | D:2      | Reached XP level 3. HP: 20/26 MP: 7/7
  1063 | D:2      | HP: 13/26 [jackal (2)]
  1075 | D:2      | Found a deep blue altar of Sif Muna.
  1282 | D:2      | HP: 11/26 [worm (5)]
  2128 | D:4      | Found a staircase to the Ecumenical Temple.
  2135 | Temple   | Entered the Ecumenical Temple
  2375 | Temple   | Became a worshipper of Warmaster Okawaru
  2668 | D:4      | You fall through a shaft for 2 floors!
  2743 | D:5      | Entered Level 5 of the Dungeon
  2759 | D:5      | HP: 5/27 [iguana (10)]
  2762 | D:5      | Slain by an iguana

Vanquished Creatures
  An adder (D:2)
  4 worms
  A dart slug (D:2)
  A leopard gecko (D:4)
  An orc (D:3)
  2 giant cockroaches (D:2)
  6 goblins
  4 hobgoblins
  4 jackals (D:2)
  9 bats
  A jackal skeleton (D:4)
  2 kobolds (D:2)
  3 rats (D:1)
39 creatures vanquished.

Table legend:
 A = Turns spent in this place as a percentage of turns spent in the entire game.
 B = Non-inter-level travel turns spent in this place as a percentage of non-inter-level travel turns spent in the entire game.
 C = Inter-level travel turns spent in this place as a percentage of turns spent in this place.
 D = Turns resting spent in this place as a percentage of non-inter-level travel turns spent in this place.
 E = Turns spent auto-exploring this place as a percentage of non-inter-level travel turns spent in this place.
 F = Non-inter-level travel turns spent in this place divided by the number of levels of this place that you've seen.
                   A       B       C       D       E      F
               +-------+-------+-------+-------+-------+----------------------
         Total | 100.0 | 100.0 |   6.9 |  19.5 |  63.6 | 367.3
       Dungeon |  90.2 |  92.5 |   4.5 |  21.1 |  60.8 | 396.5
        Temple |   9.8 |   7.5 |  28.9 |   0.0 |  98.4 | 192.0
               +-------+-------+-------+-------+-------+----------------------
